 Dungeon Crawl Stone Soup version 0.28.0-43-g3370ac3207 (webtiles) character file.

Game seed: 17677899837509656455

9 CryoSword the Firebug (level 1, 0/14 HPs)
             Began as a Demigod Fire Elementalist on Mar 16, 2022.
             Slain by a giant cockroach (1 damage)
             ... on level 1 of the Dungeon.
             The game lasted 00:00:57 (507 turns).

CryoSword the Firebug (Demigod Fire Elementalist)    Turns: 507, Time: 00:00:58

Health: 0/14       AC:  2    Str:  9    XL:     1   Next: 93%
Magic:  0/5        EV: 12    Int: 17    God:
Gold:   6          SH:  0    Dex: 14    Spells: 2/3 levels left

rFire   . . .      SeeInvis .   (no weapon)
rCold   . . .      Faith    .   (no shield)
rNeg    . . .      Spirit   .   a - +0 robe
rPois   .          Reflect  .   (no helmet)
rElec   .          Harm     .   (no cloak)
rCorr   .          Rampage  .   (no gloves)
Will    .....                   (no boots)
Stlth   ++........              (no amulet)
HPRegen 0.04/turn               (no ring)
MPRegen 0.09/turn               (no ring)

@: no status effects
A: high MP 1, forlorn, divine attributes
a: no special abilities


You were on level 1 of the Dungeon.
You visited 1 branch of the dungeon, and saw 1 of its levels.

You collected 6 gold pieces.

Inventory:

Armour
 a - a +0 robe (worn)
Scrolls
 b - a scroll of identify {unknown}
 c - a scroll of amnesia {unknown}


   Skills:
 + Level 0.3 Fighting
 + Level 1.9 Dodging
 - Level 1.7 Stealth
 + Level 1.9 Spellcasting
 + Level 1.0 Conjurations
 * Level 2.9 Fire Magic


You had 2 spell levels left.
You knew the following spells:

 Your Spells              Type           Power      Damage    Failure   Level
a - Foxfire               Conj/Fire      32%        2x1d5     9%          1

Your spell library contained the following spells:

 Spells                   Type           Power      Damage    Failure   Level
 Scorch                   Fire           22%        2d6       9%          2
 Conjure Flame            Conj/Fire      8%         6-21      26%         3
 Inner Flame              Hex/Fire       6%         N/A       32%         3
 Flame Wave               Conj/Fire      8%         2d5       63%         4


Dungeon Overview and Level Annotations

Branches:
Dungeon (1/15)


Innate Abilities, Weirdness & Mutations

You have an increased reservoir of magic. (+10% MP)
You shall have no god before yourself.
Your divine heritage dramatically boosts your attributes as you level up.


Message History

You conjure some foxfire!
The frilled lizard hisses angrily.
The frilled lizard barely misses you.
There is not enough space to conjure foxfire!
There is not enough space to conjure foxfire!
The foxfire hits the frilled lizard.
You kill the frilled lizard!
You conjure some foxfire!
Unknown command.
Found a leather armour.
A goblin comes into view. It is wielding a +0 club.
Found 18 arrows.
A goblin is nearby!
A goblin is nearby!
You conjure some foxfire!
You conjure some foxfire!
The foxfire hits the goblin.
You kill the goblin!
No target in view!
No target in view!
You see here 18 arrows.
You see here a +0 club.
Could not explore, unopened door.
Could not explore, unopened door.
Could not explore, unopened door.
You open the door.
There is an open door here.
Could not explore, unopened door.
Could not explore, unopened door.
You open the door.
Found a robe.
There is an open door here.
b - a scroll labelled ESEUPNOHEA Could not explore, unopened door.
Could not explore, unopened door.
You open the door.
A hobgoblin comes into view.
A hobgoblin is nearby!
A hobgoblin is nearby!
There is an open door here.
You conjure some foxfire!
The hobgoblin closely misses you.
A hobgoblin is nearby!
A hobgoblin is nearby!
You hit the hobgoblin but do no damage.
The foxfire hits the hobgoblin. x2
The hobgoblin hits you.
You hit the hobgoblin but do no damage. The hobgoblin hits you.
You conjure some foxfire!
The hobgoblin hits you.
Unknown command.
You conjure some foxfire!
The foxfire hits the hobgoblin.
You kill the hobgoblin!
Your Conjurations skill increases to level 1!
A hobgoblin comes into view.
A hobgoblin is nearby!
A hobgoblin is nearby!
You conjure some foxfire!
You conjure some foxfire!
The foxfire hits the hobgoblin but does no damage.
The foxfire hits the hobgoblin.
A hobgoblin is nearby!
A hobgoblin is nearby!
You closely miss the hobgoblin.
The foxfire hits the hobgoblin but does no damage.
The foxfire hits the hobgoblin.
The hobgoblin misses you.
You barely miss the hobgoblin. The hobgoblin hits you.
You conjure some foxfire!
The hobgoblin barely misses you.
You hit the hobgoblin but do no damage.
The foxfire hits the hobgoblin.
You kill the hobgoblin!
A ball python comes into view.
A ball python is nearby!
The ball python hisses angrily.
You conjure some foxfire!
The ball python bites you. The ball python misses you.
You conjure some foxfire!
The foxfire hits the ball python. x2
The ball python barely misses you. The ball python grabs you.
The ball python constricts you.
You conjure some foxfire!
The foxfire hits the ball python.
You kill the ball python!
A bat comes into view.
Found a stone staircase leading down.
The foxfire hits the bat. x2
The bat hits you.
You conjure some foxfire!
The bat hits you.
The foxfire hits the bat.
You kill the bat!
You conjure some foxfire!
Found a scroll labelled KEUNUU KOHO.
A hobgoblin comes into view.
Found a spear.
There is a stone staircase leading down here.
You conjure some foxfire!
The hobgoblin hits you.
You don't have enough magic to cast this spell.
You closely miss the hobgoblin.
The foxfire hits the hobgoblin but does no damage.
The foxfire hits the hobgoblin.
The hobgoblin hits you.
You hit the hobgoblin. The hobgoblin hits you.
* * * LOW HITPOINT WARNING * * *
You conjure some foxfire!
The hobgoblin hits you but does no damage.
You hit the hobgoblin but do no damage.
The foxfire hits the hobgoblin.
You kill the hobgoblin!
c - a scroll labelled KEUNUU KOHO A giant cockroach comes into view.
A giant cockroach is nearby!
A bat comes into view.
You hit the giant cockroach but do no damage.
The giant cockroach closely misses you.
The giant cockroach completely misses you.
You conjure some foxfire!
The giant cockroach misses you.
You barely miss the giant cockroach. The giant cockroach closely misses you.
You barely miss the giant cockroach. The giant cockroach barely misses you.
The giant cockroach bites you but does no damage.
The giant cockroach misses you.
You miscast Foxfire.
You are very lightly contaminated with residual magic.
Nothing appears to happen.
The giant cockroach bites you but does no damage.
You hit the giant cockroach but do no damage.
The giant cockroach bites you.
* * * LOW HITPOINT WARNING * * *
You barely miss the giant cockroach. The giant cockroach barely misses you.
You hit the giant cockroach but do no damage.
The giant cockroach barely misses you.
You completely miss the giant cockroach.
The giant cockroach misses you. x2
You conjure some foxfire!
The giant cockroach barely misses you.
You barely miss the giant cockroach.
The foxfire hits the giant cockroach.
The giant cockroach closely misses you.
Your magical contamination has completely faded away.
You don't have enough magic to cast this spell.
The giant cockroach completely misses you.
The giant cockroach bites you.
* * * LOW HITPOINT WARNING * * *
The giant cockroach misses you.
You conjure some foxfire!
The bat hits you.
* * * LOW HITPOINT WARNING * * *
The giant cockroach bites you but does no damage.
You hit the giant cockroach but do no damage.
The foxfire hits the bat.
The foxfire hits the giant cockroach.
The bat barely misses you. The giant cockroach bites you.
* * * LOW HITPOINT WARNING * * *
You hit the giant cockroach but do no damage.
The bat hits you but does no damage. The bat barely misses you.
The giant cockroach bites you but does no damage.
You barely miss the giant cockroach. The giant cockroach closely misses you.
The bat hits you but does no damage. The giant cockroach barely misses you.
You hit the giant cockroach but do no damage.
The bat barely misses you. The giant cockroach closely misses you.
You hit the giant cockroach but do no damage.
The bat closely misses you. The giant cockroach bites you.
You die...

#.# #..§....# #.#
#.......##### #.#
#............ #.#
#...>.....g.. #.#
#.....##)....
##.######...†.# ....
#.............# ...
######†...B...# ..
#...@b...# .
#....##.## #....##.#
#....##.# # #....##.#
.# #....##.# ..#
#######.########...##
#..............
###############


You could see a giant cockroach and a bat.

Vanquished Creatures
  A ball python (D:1)
  3 hobgoblins (D:1)
  2 bats (D:1)
  2 frilled lizards (D:1)
  A goblin (D:1)
9 creatures vanquished.

Vanquished Creatures (others)
  37 foxfires (D:1)
37 creatures vanquished.

Grand Total: 46 creatures vanquished

Notes
Turn   | Place    | Note
-------+----------+-------------------------------------------
     0 | D:1      | CryoSword the Demigod Fire Elementalist began the quest for
                  | the Orb.
     0 | D:1      | Reached XP level 1. HP: 14/14 MP: 5/5
   214 | D:1      | Reached skill level 1 in Conjurations
   507 | D:1      | Slain by a giant cockroach

Illustrated notes

Levels and vault maps discovered:
D:1:      amcnicky_arrival_underground_garden, layout_basic, minmay_3d_cube

Skill      XL: |  1 |
---------------+----+-----
Conjurations   | 1 |  1.0
Fighting       | |  0.3
Dodging        | |  1.9
Stealth        | |  1.7
Spellcasting   | |  1.9
Fire Magic     | |  2.9

Action                   || total
-------------------------++-------
Melee: Unarmed           ||    23
 Cast: Foxfire           ||    23
Armor: Robe              ||     9
Dodge: Dodged            ||    30
